Workbook

Sheet Title
C18: FRANCHISEE INVESTMENT WORKING SHEET
C22: Visit: www.bankedge.in

Sheet Operating Expenses
A1: BankEdge - The Retail Training Academy
B2: Operating Expenses | C2: Per Unit | D2: Total MTHLY Expense | E2: Total YRLY Expense | F2: Year-1 | G2: Year-2 | H2: Year-3
A4: A | B4: UTILITIES
A5: 1 | B5: ELECTRICITY EXPENSE | C5: 10000 | D5: =C5 -> 10000 | E5: =D5*12 -> 120000 | F5: =E5 -> 120000 | G5: =+F5*1.1 -> 132000 | H5: =+G5*1.1 -> 145200
A6: 2 | B6: TELEPHONE & INTERNET EXPENSE | C6: 3000 | D6: =C6 -> 3000 | E6: =D6*12 -> 36000 | F6: =E6 -> 36000 | G6: =+F6*1.1 -> 39600 | H6: =+G6*1.1 -> 43560
B7: TOTAL UTILITIES EXPENSE | D7: =D5+D6 -> 13000 | E7: =D7*12 -> 156000 | F7: =E7 -> 156000 | G7: =+F7*1.1 -> 171600 | H7: =+G7*1.1 -> 188760
A9: B | B9: INFRASTRUCTURE | F9: 1st year | G9: 2nd year | H9: 3rd year
A10: 1 | B10: RENT / MAINTENANCE | C10: 40000 | D10: =C10 -> 40000 | E10: =D10*12 -> 480000 | F10: =E10 -> 480000 | G10: =+F10*1.1 -> 528000 | H10: =+G10*1.1 -> 580800
A11: 2 | B11: HARDWARE | D11: 0 | E11: 0 | F11: =E11 -> 0 | G11: 15000 | H11: =+G11*1.1 -> 16500
A12: 3 | B12: SOFTWARE | D12: 0 | E12: 0 | F12: =E12 -> 0 | G12: 15000 | H12: =+G12*1.1 -> 16500
B13: TOTAL INFRASTUCTURE EXPENSE | D13: =D10+D11+D12 -> 40000 | E13: =E10+E11+E12 -> 480000 | F13: =E13 -> 480000 | G13: =G10+G11+G12*1.1 -> 559500 | H13: =+G13*1.1 -> 615450
A15: C | B15: MANPOWER | F15: 1st year | G15: 2nd year | H15: 3rd year
A16: 1 | B16: COUNSELLOR - 1 | C16: 25000 | D16: =1*C16 -> 25000 | E16: =D16*12 -> 300000 | F16: =E16 -> 300000 | G16: =+F16*1.1 -> 330000 | H16: =+G16*1.1 -> 363000
A17: 2 | B17: TELE CALLER - 2 | C17: 15000 | D17: =2*C17 -> 30000 | E17: =D17*12 -> 360000 | F17: =E17 -> 360000 | G17: =+F17*1.1 -> 396000 | H17: =+G17*1.1 -> 435600
A18: 1 | B18: BDM / BDE (BUSINESS DEVELOPMENT) - 2 | C18: 20000 | D18: =C18*1 -> 20000 | E18: =D18*12 -> 240000 | F18: =E18 -> 240000 | G18: =+F18*1.1 -> 264000 | H18: =+G18*1.1 -> 290400
A19: 5 | B19: OFFICE BOY - 1 | C19: 12500 | D19: =2*C19 -> 25000 | E19: =D19*12 -> 300000 | F19: =E19 -> 300000 | G19: =+F19*1.1 -> 330000 | H19: =+G19*1.1 -> 363000
B20: TOTAL MANPOWER EXPENSE | D20: =SUM(D16:D19) -> 100000 | E20: =D20*12 -> 1200000 | F20: =E20 -> 1200000 | G20: =+F20*1.1 -> 1320000 | H20: =+G20*1.1 -> 1452000
A22: D | B22: MARKETING AND ADMIN | F22: 1st year | G22: 2nd year | H22: 3rd year
A23: 1 | B23: MEDIA EXPENSES / LOCAL MARKETING | C23: 20000 | D23: =C23 -> 20000 | E23: =$C23*12 -> 240000 | F23: =E23 -> 240000 | G23: =+F23*1.1 -> 264000 | H23: =+G23*1.1 -> 290400
A24: 2 | B24: MISC / PETTY CASH | C24: 5000 | D24: =C24 -> 5000 | E24: =$C24*12 -> 60000 | F24: =E24 -> 60000 | G24: =+F24*1.1 -> 66000 | H24: =+G24*1.1 -> 72600
B25: TOTAL MARKETING AND ADMIN EXPENSE | D25: =SUM(D23:D24) -> 25000 | E25: =SUM(E23:E24) -> 300000 | F25: =SUM(F23:F24) -> 300000 | G25: =SUM(G23:G24) -> 330000 | H25: =SUM(H23:H24) -> 363000
B27: Total Operating Expenses* | D27: =SUM(D25,D20,D7,D13) -> 178000 | E27: =SUM(E25,E20,E7,E13) -> 2136000 | F27: =SUM(F25,F20,F7,F13) -> 2136000 | G27: =SUM(G25,G20,G7,G13) -> 2381100 | H27: =SUM(H25,H20,H7,H13) -> 2619210
B32: *NOTE :
B33: This is only an estimated Projection and BankEdge is not responsible for any variance which
B34: may occur . You are strongly recommended to do your own calculation" .

Sheet Annual Cost Sheet
A1: BankEdge - The Retail Training Academy
B2: ANNUAL COST SHEET | D2: YEAR 1 | E2: YEAR 2 | F2: YEAR 3
A3: 1 | B3: Annual Marketing Expense | D3: =+'Operating Expenses'!F25 -> 300000 | E3: =+'Operating Expenses'!G25 -> 330000 | F3: =+'Operating Expenses'!H25 -> 363000
A4: 2 | B4: Annual Manpower Expense | D4: =+'Operating Expenses'!F20 -> 1200000 | E4: =+'Operating Expenses'!G20 -> 1320000 | F4: =+'Operating Expenses'!H20 -> 1452000
A5: 3 | B5: Utilities Expense | D5: ='Operating Expenses'!$F7 -> 156000 | E5: ='Operating Expenses'!$G7 -> 171600 | F5: ='Operating Expenses'!$H7 -> 188760
A6: 4 | B6: Annual Infrastructure Expense | D6: ='Operating Expenses'!F13 -> 480000 | E6: ='Operating Expenses'!G13 -> 559500 | F6: ='Operating Expenses'!H13 -> 615450
B8: TOTAL ANNUAL EXP* | D8: =SUM(D3:D7) -> 2136000 | E8: =SUM(E3:E7) -> 2381100 | F8: =SUM(F3:F7) -> 2619210
B13: *NOTE :
B14: This is only an estimated Projection and BankEdge is not responsible for any variance which
B15: may occur . You are strongly recommended to do your own calculation" .

Sheet Capacity projection
A1: BankEdge - The Retail Training Academy
A2: CAPACITY PROJECTIONS
B4: Total Yearly Intake / Admission @ 100% Capacity | C4: =I14 -> 1700 | E4: SLOTS | F4: 7AM-9AM | G4: 9AM-11AM | H4: 11AM-1PM | I4: 2PM-4PM | J4: 4PM-6PM | K4: 6PM-8PM | L4: 8PM-10PM
B5: TOTAL Yearly Revenue Potential | C5: =I19 -> 40500000 | E5: M-W-F | F5: 20 | G5: 20 | H5: 20 | I5: 20 | J5: 20 | K5: 20 | L5: 20
B6: Royalty to BANKEDGE -@50% | C6: =C5/2 -> 20250000 | E6: T-T-S | F6: 20 | G6: 20 | H6: 20 | I6: 20 | J6: 20 | K6: 20 | L6: 20
B7: SHARE OF THE BUSINESS PARTNER @ 50% | C7: =C5/2 -> 20250000 | E7: WEEKEND | F7: 20 | I7: 20
B9: Capacity Utilisation @ 15% in the First Year | C9: =C4*0.15 -> 255 | E9: No of Slots | F9: 32 | G9: Students Per Slot | H9: 20 | I9: Classroom / Lab | J9: 2
B10: Monthly Minimum Enrolments Required to meet 15% Capacity Utilisation | C10: =C9/12 -> 21.25 | E10: Slots Alloted to 3 months | F10: 15 | G10: Total Studnets | H10: =F10*H9 -> 300 | I10: Cycle | J10: 4 | K10: =H10*J10 -> 1200
E11: Slots alloted for 6 monthds | F11: 10 | G11: Total Students | H11: =F11*H9 -> 200 | I11: Cylcle | J11: 2 | K11: =H11*J11 -> 400
E12: Slots alloted for 12 Months | F12: 5 | G12: Total Students | H12: =F12*H9 -> 100 | I12: Cycle | J12: 1 | K12: =H12*J12 -> 100
E13: Empty Slots | F13: 2
E14: TOTAL STUDNETS | I14: =K10+K11+K12 -> 1700
E16: Slots Alloted to 3 months | F16: 15 | G16: Total Studnets | H16: 300 | I16: Avg Fees | J16: 40000 | K16: =H16*J16 -> 12000000
E17: Slots alloted for 6 monthds | F17: 10 | G17: Total Students | H17: 200 | I17: Avg Fees | J17: 80000 | K17: =H17*J17 -> 16000000
E18: Slots alloted for 12 Months | F18: 5 | G18: Total Students | H18: 100 | I18: Avg Fees | J18: 125000 | K18: =H18*J18 -> 12500000
E19: TOTAL REVENUE POTENTIAL | I19: =K16+K17+K18 -> 40500000
B24: * NOTE :
B25: This is only an estimated Projection and BankEdge is not responsible for any variance which
B26: may occur . You are strongly recommended to do your own calculation" .
E29: Batches of PCPBF | F29: 12 | G29: Students | H29: =F29*25 -> 300
E30: Batches of PGP | F30: 8 | G30: Students | H30: =F30*25 -> 200
E32: Product Offerings - Duration | F32: Duration in Months | G32: Duration in Weeks | H32: Duration in Hours
E33: PCPBF | F33: 5 | G33: 20 | H33: =G33*10 -> 200
E34: PGP IN BANKING & FINANCE | F34: 8 | G34: =F34*4 -> 32 | H34: =G34*10 -> 320
E36: Product Offerings - Pricing | F36: Fee Structure | G36: Partner Share | H36: HO Share
E37: PCPBF | F37: 60000 | G37: =F37*0.5 -> 30000 | H37: =F37*0.5 -> 30000
E38: PGP IN BANKING & FINANCE | F38: 100000 | G38: =F38*0.5 -> 50000 | H38: =F38*0.5 -> 50000
E40: Product Offerings - Earnings | F40: Target Students | G40: Partner Earning | H40: HO Share
E41: PCPBF | F41: =H29 -> 300 | G41: =F41*G37 -> 9000000 | H41: =F41*H37 -> 9000000
E42: PGP IN BANKING & FINANCE | F42: 200 | G42: =F42*G38 -> 10000000 | H42: =F42*H38 -> 10000000
E43: Total | F43: =F41+F42 -> 500 | G43: =SUM(G41:G42) -> 19000000 | H43: =SUM(H41:H42) -> 19000000

Sheet Rev against Exp
A2: BankEdge - The Retail Training Academy
A4: Projected Revenues 1st Year * | D4: Projected Expenses*
A5: 100% Capacity Utilisation | B5: ='Capacity projection'!C7 -> 20250000 | D5: PROJECTED BUSINESS EXPENSES | E5: Year 1 | F5: Year 2 | G5: Year 3
A6: 75% Capacity Utilisation | B6: =0.75*B5 -> 15187500 | E6: Year-1 Annual Exp | F6: Year-2 Annual Exp | G6: Year-3 Annual Exp
A7: 60% Capacity Utilisation | B7: =0.6*B5 -> 12150000 | E7: ='Annual Cost Sheet'!D8 -> 2136000 | F7: ='Annual Cost Sheet'!E8 -> 2381100 | G7: ='Annual Cost Sheet'!F8 -> 2619210
A8: 50% Capacity Utilisation | B8: =0.5*B5 -> 10125000
A9: 15% Capacity Utilisation | B9: =B5*0.15 -> 3037500
D10: PROJECTED PROFIT / LOSS | E10: Year 1 | F10: Year 2 | G10: Year 3
A11: Projected Revenues 2nd Year* | D11: Profit/Loss @ 100% Cap Utilisation | E11: =B5-E7 -> 18114000 | F11: =B12-F7 -> 22931400 | G11: =B19-G7 -> 29021415
A12: 100% Capacity Utilisation | B12: =B5*25/100+B5 -> 25312500 | D12: Profit/Loss @ 75% Cap Utilisation | E12: =B6-E7 -> 13051500 | F12: =B13-F7 -> 16603275 | G12: =B20-G7 -> 21111259
A13: 75% Capacity Utilisation | B13: =0.75*B12 -> 18984375 | D13: Profit/Loss @ 60% Cap Utilisation | E13: =B7-E7 -> 10014000 | F13: =B14-F7 -> 12806400 | G13: =B21-G7 -> 16365165
A14: 60% Capacity Utilisation | B14: =0.6*B12 -> 15187500 | D14: Profit/Loss @ 50% Cap Utilisation | E14: =B8-E7 -> 7989000 | F14: =B15-F7 -> 10275150 | G14: =B22-G7 -> 13201102
A15: 50% Capacity Utilisation | B15: =0.5*B12 -> 12656250 | D15: Profit/Loss @ 15% Cap Utilisation | E15: =B9-E7 -> 901500 | F15: =B16-F7 -> 1415775 | G15: =B23-G7 -> 2126883.8
A16: 15% Capacity Utilisation | B16: =B12*0.15 -> 3796875
A18: Projected Revenues 3rd Year*
A19: 100% Capacity Utilisation | B19: =B12*25/100+B12 -> 31640625
A20: 75% Capacity Utilisation | B20: =0.75*B19 -> 23730469
A21: 60% Capacity Utilisation | B21: =0.6*B19 -> 18984375
A22: 50% Capacity Utilisation | B22: =0.5*B19 -> 15820312
A23: 15% Capacity Utilisation | B23: =B19*0.15 -> 4746093.8
A28: * NOTE :
A29: This is only an estimated Projection and BankEdge is not responsible for any variance which
A30: may occur . You are strongly recommended to do your own calculation" .

Sheet Fees Cart
A1: Program Name | B1: Duration | C1: Fees (GST Inclusive) | D1: Key Modules | E1: Eligibility Checks | F1: Salary/Salary Range Per Annum
A2: ICICI Securities CSM Program | B2: 21 Days | C2: Rs.30000 | D2: Stock Market, Demat Account, Product & Process Training, Sales & Relationship Management | E2: Graduate, 50% & Above Score, Age Below 25 Years, No Correspondence Education Allowed, No Education Gap more than 2 years allowed, 50% of fees reimbursed by ICICI Sec after 1 year of employment. | F2: 2.5 to 2.75LPA + Additional Perks
A3: Yes Bank Sales Force Program | B3: 15 Days | C3: Rs 30000 | D3: Banking Products & Services, Customer Services, Sales & Relationship Management, Bank Specific Product Training, Certification | E3: Graduate, 50% & Above, Age Below 27 Years, No Correspondence Education Allowed, No Education Gap more than 2 years allowed, No fees reimbursement option available here | F3: Rs 2.75 to 3LPA + Additional Perks
A4: Contact Centre Program (VBOP_ - Upcoming) | B4: 40 Days | C4: Rs.40000* | D4: Retail Banking, Customer Service, Digital Banking, Sales & Relationship Management, LMS Access | E4: Graduate, 50% & Above Score, Age Below 28 Years, No Correspondence Education Allowed, No Education Gap more than 2 years allowed. | F4: 2.4 to 3.5LPA
A5: PROBE+ (Professional Banking Executive Program) | B5: 3 months | C5: Rs.40000 | D5: Retail Banking, Mock Interviews | E5: Graduate, 50% & Above, Age Below 26 Years, No Correspondence Education Allowed, No Education Gap more than 2 years allowed. | F5: 1.80 to 2.5LPA
A6: PCPBF (Professional Certificate Program in BF) | B6: 5 months | C6: Rs.75000 | D6: Retail Banking, Credit & Risk Management, Trade Finance, Personal Finance | E6: Graduate, 50% & Above, Age Below 26 Years, No Correspondence Education Allowed, No Education Gap more than 2 years allowed | F6: 2.4 to 4LPA
A7: PCP-IBO | B7: 4 months | C7: Rs 125000 | D7: Investment Banking Operations, Valuation, Derivatives Processing, Trade Execution Analysis, Settlement, Cash management | E7: Graduate, 50% & Above, Age Below 26 Years, Good English Communication Skills, Smart Candidate | F7: 3.5 to 6 LPA Plus
A8: PGP+ (Post Graduate Program Plus) | B8: 8 months | C8: Rs.125000 | D8: Retail Banking, Credit & Risk Management, Trade Finance, Investment Banking Operations | E8: Graduate, 50% & Above, Age Below 26 Years, No Correspondence Education Allowed, No Education Gap more than 2 years allowed, Good English Communication Skills | F8: 2.5 to 4.5LPA
A9: MBA in Retail Banking Operations (Jain University) | B9: 2.5 years | C9: Rs.236000 | D9: PCPBF + Jain University Program - Bengaluru | E9: Graduate, 50% & Above, Age Below 25 Years, No Correspondence Education Allowed, No Education Gap more than 2 years allowed | F9: 2.4 to 4.5LPA
A10: PGDM in Banking & Finance (AIMA) | B10: 2.5 years | C10: Rs.375000 | D10: PCPBF + AIMA Program - Delhi | E10: Graduate, 50% & Above, Age Below 28 Years, No Correspondence Education Allowed, No Education Gap more than 2 years allowed, Good English | F10: 2.5 to 4.5LPA
